 Dungeon Crawl Stone Soup version 0.26.0-45-g9c1d065592 (webtiles) character file.

Game seed: 6223588311802060115

184 Majorwet the Magician (level 5, 0/29 HPs)
             Began as a Deep Elf Air Elementalist on Jan 28, 2021.
             Succumbed to a scorpion's poison
             ... on level 2 of the Dungeon.
             The game lasted 00:11:10 (1853 turns).

Majorwet the Magician (Deep Elf Air Elementalist)   Turns: 1853, Time: 00:11:11

Health: 0/29       AC:  4    Str:  5    XL:     5   Next: 36%
Magic:  14/14      EV: 13    Int: 21    God:
Gold:   126        SH:  0    Dex: 15    Spells: 12/13 levels left

rFire    . . .     SeeInvis .   n - +5 quarterstaff (chaos)
rCold    . . .     Faith    .   (shield currently unavailable)
rNeg     . . .     Spirit   .   a - +0 robe
rPois    .         Reflect  .   (no helmet)
rElec    .         Harm     .   c - +1 cloak
rCorr    .         Rampage  .   (no gloves)
Will     .....                  (no boots)
Stlth    +++.......             (no amulet)
HPRegen  0.09/turn              d - ring of stealth
MPRegen  0.14/turn              (no ring)

@: brilliant, lethally poisoned (0 -> -2), berserk cooldown, slowed, very slow
A: no striking features
a: no special abilities


You were on level 2 of the Dungeon.
You visited 1 branch of the dungeon, and saw 2 of its levels.

You collected 126 gold pieces.

Inventory:

Hand Weapons
 b - a +0 short sword
 n - a +5 quarterstaff of chaos (weapon)
Armour
 a - a +0 robe (worn)
 c - a +1 cloak (worn)
Jewellery
 d - a ring of stealth (left hand)
 e - an uncursed ring of teleportation
 j - an uncursed ring of protection from fire
 m - an uncursed ring of flight {unknown}
Scrolls
 f - a scroll of teleportation {unknown}
 i - a scroll of remove curse
 k - a scroll of immolation {unknown}
 p - a scroll of identify {unknown}


   Skills:
 * Level 1.5 Fighting
 + Level 2.7 Dodging
 + Level 3.2 Stealth
 + Level 4.8 Spellcasting
 + Level 2.3 Conjurations
 + Level 4.0 Air Magic


You had 12 spell levels left.
You knew the following spells:

 Your Spells              Type           Power        Failure   Level
a - Shock                 Conj/Air       100%         3%          1

Your spell library contained the following spells:

 Spells                   Type           Power        Failure   Level
 Swiftness                Air            32%          3%          2
 Static Discharge         Conj/Air       27%          9%          3
 Airstrike                Air            16%          22%         4
 Lightning Bolt           Conj/Air       13%          63%         5


Dungeon Overview and Level Annotations

Branches:
Dungeon (2/15)

Altars:
Qazlal


Message History

* * * LOW HITPOINT WARNING * * *
You feel sick.
As you read the scroll labelled NEWUIFACAL, it crumbles to dust.
It is a scroll of enchant weapon.
Your +4 quarterstaff of chaos glows red for a moment.
* * * LOW HITPOINT WARNING * * *
You feel sick.
Okay, then.
Okay, then.
As you read the scroll labelled ISAFINGAJUSU, it crumbles to dust.
You feel as if something is helping you.
It was a scroll of remove curse.
Unknown command.
There is a lethal amount of poison in your body!
You're wearing all the rings you can.
Remove which one? (? for menu, Esc to quit)
You remove your ring of teleportation.
j - a ring of protection from fire (right hand) You're wearing all the rings you can.
Remove which one? (? for menu, Esc to quit)
You remove your ring of protection from fire.
You die...

#..≈≈≈≈≈≈≈≈...# #
#..≈≈≈≈≈≈≈≈...##.#
#.≈≈≈≈.⌠≈≈.....#.##
#.≈≈≈≈>_≈≈..≈......
#.≈≈≈≈≈≈≈≈..†......
#...≈≈≈≈≈≈≈........
#####.≈....≈≈≈......##.
#..........≈≈≈......##
###.###.@................
#......#†############....
#.#.##............# ####
#.#.####.########.#
#.#.####.# #.#
######(#......# #.#
#....$..####### #.#
#.####..# ###.# #.####..#
#...#######


There were no monsters in sight!

Vanquished Creatures
  A scorpion (D:2)
  Crazy Yiuf (D:2)
  Natasha (D:2)
  2 adders (D:2)
  An ooze (D:1)
  A dart slug (D:1)
  A leopard gecko (D:1)
  9 goblins
  5 hobgoblins
  10 jackals
  6 kobolds
  5 bats
  4 frilled lizards
  5 rats (D:1)
52 creatures vanquished.

Vanquished Creatures (others)
  2 fungi (D:2)
2 creatures vanquished.

Grand Total: 54 creatures vanquished

Notes
Turn   | Place    | Note
-------+----------+-------------------------------------------
     0 | D:1      | Majorwet the Deep Elf Air Elementalist began the quest for
                  | the Orb.
     0 | D:1      | Reached XP level 1. HP: 10/10 MP: 6/6
   129 | D:1      | Reached XP level 2. HP: 13/15 MP: 4/8
   673 | D:1      | Reached XP level 3. HP: 20/20 MP: 7/9
  1380 | D:2      | Reached XP level 4. HP: 24/24 MP: 9/12
  1593 | D:2      | Found a runed translucent door.
  1594 | D:2      | Noticed Crazy Yiuf
  1601 | D:2      | Killed Crazy Yiuf
  1602 | D:2      | Reached skill level 1 in Fighting
  1684 | D:2      | Found a stormy altar of Qazlal.
  1684 | D:2      | Noticed Natasha
  1688 | D:2      | Killed Natasha
  1826 | D:2      | Reached XP level 5. HP: 17/29 MP: 10/14
  1849 | D:2      | HP: 1/29 [poisoned by a scorpion]
  1853 | D:2      | Succumbed to a scorpion's poison

Illustrated notes

Levels and vault maps discovered:
D:1:      dpeg_arrival_rhombi, layout_rooms
D:2:      layout_loops_cross, nicolae_qazlal_general_emergency, uniq_natasha,
          uniq_crazy_yiuf_cottage

Skill      XL: |  1  2  3  4 |
---------------+-------------+-----
Spellcasting   | 4 |  4.8
Fighting       | 1 |  1.5
Conjurations   | 2 |  2.3
Stealth        | 3 |  3.2
Air Magic      | 4 |  4.0
Dodging        | |  2.7

Action                   |  1- 3 |  4- 6 || total
-------------------------+-------+-------++-------
Melee: Short sword       |    11 |     2 ||    13
       Quarterstaff      |       |     7 ||     7
 Cast: Shock             |    74 |    25 ||    99
  Use: Potion            |       |     3 ||     3
       Scroll            |       |     2 ||     2
 Stab: Sleeping          |     2 |     1 ||     3
Armor: Robe              |     3 |       ||     3
Dodge: Dodged            |    16 |     3 ||    19
